[Event "33rd Croatian Junior League 2024"]
[Site "Novalja"]
[Date "2024.04.02"]
[Round "1.1"]
[White "Novosel, Lovro"]
[Black "Denic, Marin"]
[Result "1-0"]
[ECO "E07"]
[WhiteElo "2348"]
[BlackElo "2045"]
[Annotator "RC"]
[PlyCount "73"]
[EventDate "2024.03.28"]
[EventType "team-tourn"]
[EventCountry "CRO"]
[SourceTitle "playchess.com"]
[Source "ChessBase"]
[SourceQuality "1"]
[TimeControl "5400+30"]

1. Nf3 d5 2. c4 e6 3. g3 Nf6 4. Bg2 Be7 5. O-O O-O 6. d4 c6 7. Nc3 Nbd7 8. Re1 b6 9. e4 Nxe4 10. Nxe4 dxe4 11. Rxe4 Bb7 12. Re2 c5 13. Rd2 Qc8 14. d5 exd5 15. cxd5 c4 16. Nd4 Ne5 17. Qh5 Bf6 18. Rc2 Re8 19. Bg5 g6 20. Qh4 Bg7 21. Rd1 Qc5 22. Nc6 b5 23. Be3 Qd6 24. Nxa7 Qd7 25. Rcd2 Nd3 26. Nc6 Rxa2 27. b3 Rxd2 28. Rxd2 Bxc6 29. dxc6 Qe6 30. bxc4 bxc4 31. Rc2 c3 32. Bd4 Qe1+ 33. Bf1 Re4 34. Qd8+ Re8 35. c7 Bxd4 36. Qxd4 Ne5 37. Rxc3 1-0

[Event "33rd Croatian Junior League 2024"]
[Site "Novalja"]
[Date "2024.04.02"]
[Round "1.2"]
[White "Mocic, Ivano"]
[Black "Karlusic, Luka"]
[Result "0-1"]
[ECO "D02"]
[WhiteElo "2011"]
[BlackElo "2232"]
[Annotator "RC"]
[PlyCount "115"]
[EventDate "2024.03.28"]
[EventType "team-tourn"]
[EventCountry "CRO"]
[SourceTitle "playchess.com"]
[Source "ChessBase"]
[SourceQuality "1"]
[TimeControl "5400+30"]

1. d4 Nf6 2. Nf3 d5 3. Bf4 c5 4. e3 g6 5. Nbd2 Bg7 6. h3 O-O 7. Be2 Nc6 8. Ne5 cxd4 9. Nxc6 bxc6 10. exd4 Nd7 11. c3 c5 12. Bf3 Bb7 13. Qb3 Qb6 14. Qxb6 axb6 15. Be3 e5 16. dxe5 Nxe5 17. O-O Nxf3+ 18. Nxf3 d4 19. cxd4 Bxf3 20. gxf3 cxd4 21. Bf4 Rfc8 22. Rfc1 Kf8 23. Bc7 Ke8 24. Bxb6 Rxc1+ 25. Rxc1 Rxa2 26. Rd1 Ra4 27. Kg2 Rb4 28. Bc5 Rc4 29. Bb6 Kd7 30. b3 Rc6 31. Ba5 Kd6 32. Rd3 Kd5 33. Bd2 Ra6 34. Bb4 Ra2 35. Bd2 Ra1 36. Bb4 h5 37. Rd2 Rb1 38. Rd3 Be5 39. Ba3 Bc7 40. Bb4 Bb6 41. Kh2 Rc1 42. Kg2 Bc5 43. Ba5 Rb1 44. Kh2 Ba3 45. Bc3 Bc5 46. Ba5 Ra1 47. Bc3 Ra3 48. Bd2 Ke5 49. Kg3 Ra2 50. Bf4+ Kd5 51. Bd2 f6 52. Kg2 Rc2 53. Kh2 Ba3 54. Be3 Bb2 55. Kg2 Ke5 56. Bh6 Bc1 57. Bf8 Be3 58. f4+ 0-1

[Event "33rd Croatian Junior League 2024"]
[Site "Novalja"]
[Date "2024.04.02"]
[Round "1.3"]
[White "Mazuran, Gabrijel"]
[Black "Petricevic, Mateo"]
[Result "1/2-1/2"]
[ECO "E06"]
[WhiteElo "2054"]
[BlackElo "2036"]
[Annotator "RC"]
[PlyCount "149"]
[EventDate "2024.03.28"]
[EventType "team-tourn"]
[EventCountry "CRO"]
[SourceTitle "playchess.com"]
[Source "ChessBase"]
[SourceQuality "1"]
[TimeControl "5400+30"]

1. d4 d5 2. c4 e6 3. Nf3 Nf6 4. g3 Be7 5. Bg2 O-O 6. O-O c6 7. Qc2 b6 8. Nbd2 Bb7 9. e4 dxc4 10. Nxc4 c5 11. e5 Nd5 12. dxc5 bxc5 13. a3 Nd7 14. b3 N7b6 15. Na5 Ba6 16. Nc6 Qc7 17. Nxe7+ Qxe7 18. Re1 h6 19. Nd2 Rac8 20. Nc4 Nxc4 21. bxc4 Nb6 22. a4 Rfd8 23. Bf1 Bb7 24. a5 Nd7 25. Rb1 Ba8 26. Bd3 Nb8 27. Bb2 Nc6 28. Be4 Qc7 29. Bc3 Nd4 30. Bxd4 cxd4 31. Bxa8 Rxa8 32. a6 Qc6 33. Qa2 d3 34. Rb7 Qc5 35. Qd2 Qxc4 36. Qf4 Qxf4 37. gxf4 Rac8 38. Rd1 Rc6 39. Rxa7 d2 40. Kf1 g6 41. Ke2 Rc2 42. Rb7 Ra8 43. a7 Kg7 44. Rxd2 Rcc8 45. Rdb2 Rc4 46. Ra2 Rcc8 47. Kd3 g5 48. fxg5 hxg5 49. Ra6 Kg6 50. Kd4 g4 51. Ra1 f5 52. exf6 Kxf6 53. Ra6 Rh8 54. Ke4 Rhc8 55. Rbb6 Rc4+ 56. Kd3 Rc7 57. Rxe6+ Kf5 58. Rh6 Rd7+ 59. Ke3 Re7+ 60. Kd4 Rd7+ 61. Ke3 Re7+ 62. Kd3 Rd7+ 63. Ke2 Raxa7 64. Rh5+ Kf4 65. Rf6+ Ke4 66. Kf1 Rf7 67. Re6+ Kf3 68. Re3+ Kf4 69. Rb3 Ra2 70. Rb4+ Kf3 71. Rb3+ Kf4 72. Kg2 Ke4 73. Rb4+ Kd3 74. Rd5+ Kc3 75. Rxg4 1/2-1/2

[Event "33rd Croatian Junior League 2024"]
[Site "Novalja"]
[Date "2024.04.02"]
[Round "1.4"]
[White "Kurtovic, Darko"]
[Black "Simunkovic, Bartol"]
[Result "0-1"]
[ECO "B98"]
[WhiteElo "1969"]
[BlackElo "1885"]
[Annotator "RC"]
[PlyCount "80"]
[EventDate "2024.03.28"]
[EventType "team-tourn"]
[EventCountry "CRO"]
[SourceTitle "playchess.com"]
[Source "ChessBase"]
[SourceQuality "1"]
[TimeControl "5400+30"]

1. e4 c5 2. Nf3 d6 3. d4 cxd4 4. Nxd4 Nf6 5. Nc3 a6 6. Bg5 e6 7. f4 Be7 8. Qf3 Nbd7 9. Bc4 Nb6 10. Bb3 Qc7 11. O-O-O Nc4 12. g4 b5 13. Bxf6 gxf6 14. f5 b4 15. Ba4+ Kf8 16. Nce2 e5 17. Nc6 Nb6 18. Nxe7 Kxe7 19. Bb3 Bb7 20. g5 Nd7 21. Qh5 Rhf8 22. Ng3 a5 23. Ba4 Rg8 24. gxf6+ Nxf6 25. Qh4 Rg4 26. Qh6 Bxe4 27. Nh5 Nxh5 28. Qxh5 Rag8 29. f6+ Kxf6 30. Rhf1+ Ke6 31. Bb3+ d5 32. Qh6+ R8g6 33. Qf8 Rg8 34. Qh6+ R8g6 35. Qf8 f5 36. Rxf5 Rg2 37. Rf2 Rxf2 38. Qxf2 Rg2 39. Rxd5 Rxf2 40. Rc5+ Kd6 0-1

[Event "33rd Croatian Junior League 2024"]
[Site "Novalja"]
[Date "2024.04.02"]
[Round "1.5"]
[White "Troselj, Ivan"]
[Black "Kovac, Petar"]
[Result "0-1"]
[ECO "B22"]
[WhiteElo "2072"]
[BlackElo "2173"]
[Annotator "RC"]
[PlyCount "52"]
[EventDate "2024.03.28"]
[EventType "team-tourn"]
[EventCountry "CRO"]
[SourceTitle "playchess.com"]
[Source "ChessBase"]
[SourceQuality "1"]
[TimeControl "5400+30"]

1. e4 c5 2. Nf3 Nc6 3. c3 e5 4. Bd3 Nf6 5. O-O d5 6. exd5 Qxd5 7. Qe2 Bg4 8. Re1 Bxf3 9. Qxf3 Qxf3 10. gxf3 Bd6 11. Na3 O-O 12. Nc4 Bc7 13. a4 Nd5 14. Be4 Rad8 15. b3 f5 16. Bxd5+ Rxd5 17. Ba3 b6 18. b4 cxb4 19. cxb4 Nd4 20. Kh1 Nxf3 21. Red1 e4 22. Rac1 f4 23. b5 Rh5 24. Kg2 Rf6 25. Rh1 Rg6+ 26. Kf1 Rxh2 0-1

[Event "33rd Croatian Junior League 2024"]
[Site "Novalja"]
[Date "2024.04.02"]
[Round "1.6"]
[White "Konjevic, Nikola"]
[Black "Damjanovic, Stjepan"]
[Result "1-0"]
[ECO "B01"]
[WhiteElo "2056"]
[BlackElo "2150"]
[Annotator "RC"]
[PlyCount "69"]
[EventDate "2024.03.28"]
[EventType "team-tourn"]
[EventCountry "CRO"]
[SourceTitle "playchess.com"]
[Source "ChessBase"]
[SourceQuality "1"]
[TimeControl "5400+30"]

1. e4 d5 2. exd5 Qxd5 3. Nc3 Qa5 4. d4 Nf6 5. Nf3 Bf5 6. Ne5 Nbd7 7. Nc4 Qa6 8. Bf4 Qe6+ 9. Be2 c6 10. O-O Nb6 11. Nxb6 axb6 12. Bf3 Qc4 13. a3 Rd8 14. Be5 Nd5 15. Nxd5 cxd5 16. Be2 Qa4 17. b3 Qc6 18. a4 Qg6 19. Rc1 h5 20. c4 dxc4 21. Bxc4 Be4 22. Bb5+ Bc6 23. Bxc6+ bxc6 24. Qf3 Rd5 25. Rc3 Rh6 26. Bf4 Rh7 27. Rfc1 Qg4 28. Qxg4 hxg4 29. Rxc6 Rxd4 30. Be3 Rd5 31. Rc8+ Kd7 32. Rxf8 Rdh5 33. Rxf7 Rxh2 34. Kf1 Rh8 35. Rxg7 1-0

[Event "33rd Croatian Junior League 2024"]
[Site "Novalja"]
[Date "2024.04.02"]
[Round "1.7"]
[White "Matosin, Jurica"]
[Black "Car, Filip"]
[Result "0-1"]
[ECO "B51"]
[WhiteElo "1928"]
[BlackElo "2106"]
[Annotator "RC"]
[PlyCount "52"]
[EventDate "2024.03.28"]
[EventType "team-tourn"]
[EventCountry "CRO"]
[SourceTitle "playchess.com"]
[Source "ChessBase"]
[SourceQuality "1"]
[TimeControl "5400+30"]

1. e4 c5 2. Nf3 d6 3. Bb5+ Nc6 4. O-O Bd7 5. Re1 Nf6 6. c3 a6 7. Bf1 Bg4 8. h3 Bxf3 9. Qxf3 e6 10. d3 Be7 11. Qd1 d5 12. e5 Nd7 13. f4 Bh4 14. Re2 Bg3 15. Rc2 Qh4 16. Qf3 g5 17. fxg5 Ncxe5 18. Qe2 Rg8 19. d4 cxd4 20. cxd4 Nc6 21. Rc3 Nxd4 22. Qd3 Bf2+ 23. Kh1 Ne5 24. Qd1 Nf5 25. Rc7 Ng3+ 26. Kh2 Nxf1+ 0-1

[Event "33rd Croatian Junior League 2024"]
[Site "Novalja"]
[Date "2024.04.02"]
[Round "1.8"]
[White "Mandaric, Fran"]
[Black "Bozic, Niko"]
[Result "1-0"]
[ECO "B15"]
[WhiteElo "1933"]
[BlackElo "1832"]
[Annotator "RC"]
[PlyCount "85"]
[EventDate "2024.03.28"]
[EventType "team-tourn"]
[EventCountry "CRO"]
[SourceTitle "playchess.com"]
[Source "ChessBase"]
[SourceQuality "1"]
[TimeControl "5400+30"]

1. e4 c6 2. d4 g6 3. Nf3 d5 4. Nc3 Bg7 5. Be2 Bg4 6. Be3 e6 7. Ng1 Bxe2 8. Ngxe2 Nd7 9. Qd2 dxe4 10. Nxe4 Ndf6 11. Nxf6+ Nxf6 12. c4 O-O 13. O-O Ng4 14. Rad1 Nxe3 15. Qxe3 Qc7 16. f4 Rad8 17. Rd3 Rd7 18. Rfd1 Rfd8 19. b3 Qa5 20. Qd2 Qf5 21. Qe3 c5 22. d5 b6 23. Ng3 Qg4 24. Ne2 exd5 25. cxd5 Rd6 26. Qe4 Qd7 27. Kf1 f5 28. Qf3 Re8 29. h3 Re4 30. Ng3 c4 31. bxc4 Rxc4 32. Ne2 Qa4 33. a3 Re4 34. g3 h5 35. Nc3 Bxc3 36. Rxc3 Qb5+ 37. Qd3 Qd7 38. Rc6 h4 39. Rdc1 Rxc6 40. Rxc6 Kh7 41. Qc3 Re7 42. d6 Rg7 43. Qxg7+ 1-0

[Event "33rd Croatian Junior League 2024"]
[Site "Novalja"]
[Date "2024.04.02"]
[Round "1.9"]
[White "Sundac, Ivano"]
[Black "Horcicka, Jan"]
[Result "1/2-1/2"]
[ECO "D02"]
[WhiteElo "2066"]
[BlackElo "2090"]
[Annotator "RC"]
[PlyCount "69"]
[EventDate "2024.03.28"]
[EventType "team-tourn"]
[EventCountry "CRO"]
[SourceTitle "playchess.com"]
[Source "ChessBase"]
[SourceQuality "1"]
[TimeControl "5400+30"]

1. d4 d5 2. Nf3 e6 3. Bf4 c5 4. e3 Nf6 5. Nbd2 Nc6 6. c3 Bd6 7. Bg3 O-O 8. Bd3 b6 9. Ne5 Qc7 10. f4 a5 11. Qe2 Nb8 12. O-O g6 13. Bh4 Be7 14. Rac1 Ba6 15. Bxa6 Nxa6 16. Qb5 Nb8 17. c4 Qd8 18. Bxf6 Bxf6 19. dxc5 Bxe5 20. fxe5 Qg5 21. cxb6 Qxe3+ 22. Rf2 dxc4 23. Rcf1 Na6 24. Nxc4 Qd4 25. Nxa5 Nb4 26. Nb3 Qe4 27. Nd2 Qd4 28. Nf3 Qe4 29. Re1 Qg4 30. h3 Qf4 31. Nd2 Qd4 32. Re4 Qxb2 33. Rxb4 Qa1+ 34. Rb1 Qxa2 35. Nc4 1/2-1/2

[Event "33rd Croatian Junior League 2024"]
[Site "Novalja"]
[Date "2024.04.02"]
[Round "1.10"]
[White "Zadro, Matej"]
[Black "Tomljanovic, Ivano"]
[Result "0-1"]
[ECO "B13"]
[WhiteElo "1924"]
[BlackElo "2013"]
[Annotator "RC"]
[PlyCount "132"]
[EventDate "2024.03.28"]
[EventType "team-tourn"]
[EventCountry "CRO"]
[SourceTitle "playchess.com"]
[Source "ChessBase"]
[SourceQuality "1"]
[TimeControl "5400+30"]

1. e4 c6 2. d4 d5 3. exd5 cxd5 4. c4 Nf6 5. Nc3 Nc6 6. Bg5 dxc4 7. Bxc4 Qb6 8. Nge2 Bg4 9. d5 Ne5 10. Bb5+ Bd7 11. Bxd7+ Nexd7 12. O-O g6 13. Bxf6 Qxf6 14. Ne4 Qb6 15. d6 e6 16. Rc1 Qb4 17. N2c3 Bg7 18. a3 Qb6 19. Na4 Qd4 20. Qxd4 Bxd4 21. Rfd1 e5 22. Rc7 b6 23. Nac3 Bxc3 24. Nxc3 a5 25. Nd5 Rd8 26. g3 f5 27. Rb7 Kf7 28. Nxb6 Ke6 29. Nc4 a4 30. Rb5 e4 31. Kf1 Rb8 32. Ra5 Ra8 33. Rad5 Rhc8 34. R5d4 Rab8 35. R1d2 Nc5 36. d7 Rd8 37. Rd6+ Ke7 38. R2d5 Nb7 39. Ra6 Rxd7 40. Rxd7+ Kxd7 41. Rxa4 Kc6 42. Rb4 Rd8 43. Ke2 Nc5 44. Rb6+ Kd5 45. b3 Ne6 46. Rb7 Nd4+ 47. Kf1 h6 48. a4 Kc5 49. Ne5 g5 50. Nf7 Re8 51. a5 f4 52. b4+ Kc6 53. Rb6+ Kc7 54. Nd6 Re5 55. Nc4 Re8 56. Nd6 Re5 57. Nc4 Re8 58. gxf4 gxf4 59. Nd6 Re5 60. Nc4 Re8 61. Rd6 Nc2 62. Rxh6 Nxb4 63. Rf6 e3 64. fxe3 fxe3 65. Ke2 Rh8 66. Kxe3 Nd5+ 0-1

[Event "33rd Croatian Junior League 2024"]
[Site "Novalja"]
[Date "2024.04.02"]
[Round "1.11"]
[White "Ivancic, Ivan"]
[Black "Domovic, Ognjen"]
[Result "0-1"]
[ECO "B78"]
[WhiteElo "1995"]
[BlackElo "1973"]
[Annotator "RC"]
[PlyCount "142"]
[EventDate "2024.03.28"]
[EventType "team-tourn"]
[EventCountry "CRO"]
[SourceTitle "playchess.com"]
[Source "ChessBase"]
[SourceQuality "1"]
[TimeControl "5400+30"]

1. e4 c5 2. Nf3 d6 3. d4 cxd4 4. Nxd4 Nf6 5. Nc3 g6 6. Be3 Bg7 7. f3 O-O 8. Qd2 Nc6 9. Bc4 Bd7 10. O-O-O Rb8 11. g4 b5 12. Bb3 Na5 13. Kb1 Nc4 14. Bxc4 bxc4 15. Ka1 Qa5 16. h4 Rfd8 17. h5 e5 18. Nde2 Be6 19. hxg6 fxg6 20. Bh6 Qb6 21. Rb1 Bh8 22. Bg5 Rd7 23. Bxf6 Bxf6 24. Nd5 Qd8 25. Nec3 Bg5 26. Qe2 Qc8 27. Ne3 Qc5 28. Ncd5 Rdb7 29. c3 Rc8 30. Rhf1 Rf7 31. Rbd1 a5 32. Ng2 Rcf8 33. Nge3 Rc8 34. Ng2 Rcf8 35. Nge3 Bxe3 36. Nxe3 Rb8 37. Nd5 Kg7 38. Rd2 Rbf8 39. g5 Bxd5 40. Rxd5 Qb6 41. Qd1 Rb8 42. Qd2 Rd7 43. f4 exf4 44. Rxf4 Qg1+ 45. Qd1 Qh2 46. Qd4+ Kg8 47. Qf2 Qh1+ 48. Qf1 Qxf1+ 49. Rxf1 Re8 50. Rxa5 Rxe4 51. Rd5 Re2 52. Rfd1 Rb7 53. Rxd6 Rbxb2 54. Rd8+ Kf7 55. R8d7+ Ke6 56. Rxh7 Rxa2+ 57. Kb1 Rab2+ 58. Ka1 Ra2+ 59. Kb1 Reb2+ 60. Kc1 Rc2+ 61. Kb1 Rab2+ 62. Ka1 Ra2+ 63. Kb1 Rab2+ 64. Ka1 Rb5 65. Rc7 Rxc3 66. Rc6+ Kf5 67. Rf1+ Kxg5 68. Rg1+ Kf5 69. Rf1+ Ke5 70. Ka2 Ra5+ 71. Kb2 Rb3+ 0-1

[Event "33rd Croatian Junior League 2024"]
[Site "Novalja"]
[Date "2024.04.02"]
[Round "1.12"]
[White "Martic, Ivan"]
[Black "Hajdinic, Ema"]
[Result "0-1"]
[ECO "A45"]
[WhiteElo "2300"]
[BlackElo "1884"]
[Annotator "RC"]
[PlyCount "106"]
[EventDate "2024.03.28"]
[EventType "team-tourn"]
[EventCountry "CRO"]
[SourceTitle "playchess.com"]
[Source "ChessBase"]
[SourceQuality "1"]
[TimeControl "5400+30"]

1. d4 Nf6 2. Bf4 c6 3. c3 d6 4. e3 Qb6 5. Qb3 Nh5 6. Bg3 Nxg3 7. hxg3 Bf5 8. Nf3 Nd7 9. Nbd2 e5 10. e4 Be6 11. Bc4 Qxb3 12. Bxb3 exd4 13. Nxd4 Nc5 14. Bc2 Be7 15. O-O h5 16. N2f3 g5 17. Nxe6 Nxe6 18. Rad1 O-O-O 19. Nd4 Nxd4 20. Rxd4 h4 21. Bd1 Rh6 22. Bg4+ Kc7 23. Rd3 hxg3 24. Rxg3 Rh4 25. Rd1 d5 26. f3 Bc5+ 27. Kf1 Rh1+ 28. Ke2 Rxd1 29. Kxd1 dxe4+ 30. Ke1 e3 31. b4 Bd6 32. Rh3 Rf8 33. Rh7 Kb6 34. Bf5 Be5 35. Ke2 Bxc3 36. Kxe3 Bxb4 37. Rg7 Be7 38. Kd3 Kc5 39. Kc2 Bf6 40. Rh7 b5 41. Be4 Be5 42. g4 a5 43. Kb3 a4+ 44. Kc2 Kb4 45. Rh3 c5 46. Bd5 Bf4 47. Be4 Rd8 48. Rh1 Rd2+ 49. Kb1 Ka3 50. Bc2 b4 51. Re1 b3 52. Re3 Bxe3 53. axb3 axb3 0-1

[Event "33rd Croatian Junior League 2024"]
[Site "Novalja"]
[Date "2024.04.02"]
[Round "2.1"]
[White "Gal, Andrej"]
[Black "Novosel, Lovro"]
[Result "1/2-1/2"]
[ECO "A14"]
[WhiteElo "2274"]
[BlackElo "2348"]
[Annotator "RC"]
[PlyCount "144"]
[EventDate "2024.03.28"]
[EventType "team-tourn"]
[EventCountry "CRO"]
[SourceTitle "playchess.com"]
[Source "ChessBase"]
[SourceQuality "1"]
[TimeControl "5400+30"]

1. d4 Nf6 2. c4 e6 3. Nf3 d5 4. g3 Be7 5. Bg2 O-O 6. Nc3 c6 7. O-O a5 8. b3 b6 9. Bb2 Ba6 10. Nd2 b5 11. c5 b4 12. Na4 Nbd7 13. Re1 Bb5 14. Qc2 Qc7 15. e4 dxe4 16. Nxe4 Bxa4 17. bxa4 Nxe4 18. Bxe4 Nf6 19. Bd3 g6 20. h4 Rfd8 21. Rad1 Bf8 22. Be2 Bg7 23. Kg2 h5 24. Bf3 Rd7 25. Rd3 Nd5 26. Red1 Rad8 27. Qc4 Qb7 28. Be4 Ra8 29. Rb3 Qa6 30. Qc2 Rad8 31. Bd3 Qa7 32. Be4 Ne7 33. Qc4 Qa8 34. Rbd3 Nf5 35. R1d2 Qb7 36. Rd1 Ne7 37. Rb3 Qa7 38. Rbd3 Kh7 39. R1d2 Ra8 40. Rb3 f5 41. Bf3 e5 42. Be2 Rad8 43. Rbd3 e4 44. Rb3 Rd5 45. Rd1 Qc7 46. Qc2 R5d7 47. Bc4 Nd5 48. f3 exf3+ 49. Rxf3 Nf6 50. Bd3 Re7 51. Bc1 Kh8 52. Bf4 Qd7 53. Bd6 Ree8 54. Rd2 Ne4 55. Bxe4 Rxe4 56. Rf4 Rxf4 57. gxf4 Qe6 58. Qd1 Qc4 59. Be5 Bxe5 60. fxe5 Kg7 61. Kh2 Kf7 62. Qb3 Qd5 63. Kg3 Ke7 64. Qxd5 Rxd5 65. Kf4 Rd8 66. Kg5 Rg8 67. Rg2 Ke6 68. Rd2 Kf7 69. Re2 Rd8 70. Rd2 Re8 71. Re2 Rd8 72. Rd2 Re8 1/2-1/2

[Event "33rd Croatian Junior League 2024"]
[Site "Novalja"]
[Date "2024.04.02"]
[Round "2.2"]
[White "Karlusic, Luka"]
[Black "Franc, Borna"]
[Result "1-0"]
[ECO "E06"]
[WhiteElo "2232"]
[BlackElo "2221"]
[Annotator "RC"]
[PlyCount "61"]
[EventDate "2024.03.28"]
[EventType "team-tourn"]
[EventCountry "CRO"]
[SourceTitle "playchess.com"]
[Source "ChessBase"]
[SourceQuality "1"]
[TimeControl "5400+30"]

1. d4 Nf6 2. c4 e6 3. Nf3 d5 4. g3 Be7 5. Bg2 O-O 6. O-O c6 7. Qc2 b6 8. Rd1 Bb7 9. b3 Qc8 10. Nc3 c5 11. cxd5 exd5 12. dxc5 Bxc5 13. Bb2 Nc6 14. e3 Nb4 15. Qb1 Rd8 16. a3 Nc6 17. b4 Be7 18. Qd3 Qe6 19. Nb5 Qe4 20. Qxe4 dxe4 21. Ng5 a5 22. Nxe4 axb4 23. Ned6 bxa3 24. Bxa3 Rxa3 25. Rxa3 Ne8 26. Rc3 Na5 27. Rcd3 Ba6 28. Rd4 Nb3 29. Nf5 Nxd4 30. Nxe7+ Kf8 31. Nxd4 1-0

[Event "33rd Croatian Junior League 2024"]
[Site "Novalja"]
[Date "2024.04.02"]
[Round "2.3"]
[White "Marfat, Ivan"]
[Black "Mazuran, Gabrijel"]
[Result "1/2-1/2"]
[ECO "B45"]
[WhiteElo "1903"]
[BlackElo "2054"]
[Annotator "NA RC"]
[PlyCount "86"]
[EventDate "2024.03.28"]
[EventType "team-tourn"]
[EventCountry "CRO"]
[SourceTitle "playchess.com"]
[Source "ChessBase"]
[SourceQuality "1"]
[TimeControl "5400+30"]

1. e4 c5 2. Nf3 e6 3. d4 cxd4 4. Nxd4 Nc6 5. Nc3 Nf6 6. Ndb5 Bb4 7. Bf4 Nxe4 8. Qf3 d5 9. Nc7+ Kf8 10. Nxa8 {[%emt 0:00:04] B45: Sicilian Four Knights.} e5 11. Bd2 Nd4 12. Qd3 Nc5 13. Qg3 Nxc2+ 14. Kd1 Nxa1 15. Qxe5 Ne4 16. Be1 Nxc3+ 17. Bxc3 Bxc3 18. bxc3 f6 19. Qc7 Qxc7 20. Nxc7 Bf5 21. Nxd5 Nc2 22. Be2 Na3 23. Ne3 Be6 24. Kc1 b5 25. Kb2 Nc4+ 26. Bxc4 bxc4 27. Rd1 Kf7 28. Rd4 Rc8 29. h4 g5 30. hxg5 fxg5 31. f4 gxf4 32. Rxf4+ Kg7 33. Re4 Kf6 $11 34. Rh4 Rc7 35. Ka3 Ke5 36. Kb4 Rb7+ 37. Kc5 Rc7+ 38. Kb4 Rb7+ 39. Ka3 Rc7 40. Kb2 Rb7+ 41. Kc1 Rg7 42. Rd4 h5 43. Nxc4+ Bxc4 1/2-1/2

[Event "33rd Croatian Junior League 2024"]
[Site "Novalja"]
[Date "2024.04.02"]
[Round "2.4"]
[White "Simunkovic, Bartol"]
[Black "Mesic, Josip"]
[Result "1-0"]
[ECO "C13"]
[WhiteElo "1885"]
[BlackElo "1745"]
[Annotator "NA RC"]
[PlyCount "89"]
[EventDate "2024.03.28"]
[EventType "team-tourn"]
[EventCountry "CRO"]
[SourceTitle "playchess.com"]
[Source "ChessBase"]
[SourceQuality "1"]
[TimeControl "5400+30"]

1. e4 e6 2. d4 d5 3. Nc3 Nf6 4. Bg5 dxe4 5. Nxe4 Be7 6. Bxf6 Bxf6 7. c3 b6 8. Qf3 c6 9. Bd3 Bb7 10. Ne2 Qe7 11. N2g3 Nd7 12. Nh5 c5 13. Nexf6+ Nxf6 14. Nxf6+ gxf6 15. Bb5+ Kf8 16. Bc6 Rb8 17. dxc5 Bxc6 18. Qxc6 Qxc5 19. Qxc5+ bxc5 20. O-O-O Ke7 21. Rd3 Rhg8 22. Rg3 Rg5 23. Rd1 Rd8 24. Rxd8 Kxd8 25. Kc2 Ke7 26. Rxg5 fxg5 27. Kd3 Kd6 28. Kc4 Kc6 29. b4 cxb4 30. cxb4 f5 31. a4 e5 32. b5+ Kd6 33. a5 e4 34. Kd4 h6 35. g3 h5 36. b6 axb6 37. axb6 h4 38. b7 Kc7 39. gxh4 gxh4 40. Ke5 Kxb7 41. Kxf5 e3 42. fxe3 Kc7 43. Kg4 Kd6 44. Kxh4 Ke5 45. Kg5 1-0

[Event "33rd Croatian Junior League 2024"]
[Site "Novalja"]
[Date "2024.04.02"]
[Round "2.4"]
[White "Simunkovic, Bartol"]
[Black "Matosin, Jurica"]
[Result "*"]
[ECO "C13"]
[WhiteElo "1885"]
[BlackElo "1928"]
[Annotator "RC"]
[PlyCount "65"]
[EventDate "2024.03.28"]
[EventType "team-tourn"]
[EventCountry "CRO"]
[SourceTitle "playchess.com"]
[Source "ChessBase"]
[SourceQuality "1"]
[TimeControl "5400+30"]

1. e4 e6 2. d4 d5 3. Nc3 Nf6 4. Bg5 dxe4 5. Nxe4 Be7 6. Bxf6 Bxf6 7. c3 b6 8. Qf3 c6 9. Bd3 Bb7 10. Ne2 Qe7 11. N2g3 Nd7 12. Nh5 c5 13. Nexf6+ Nxf6 14. Nxf6+ gxf6 15. Bb5+ Kf8 16. Bc6 Rb8 17. dxc5 Bxc6 18. Qxc6 Qxc5 19. Qxc5+ bxc5 20. O-O-O Ke7 21. Rd3 Rhg8 22. Rg3 Rg5 23. Rd1 Rd8 24. Rxd8 Kxd8 25. Kc2 Ke7 26. Rxg5 fxg5 27. Kd3 Kd6 28. Kc4 Kc6 29. b4 cxb4 30. cxb4 f5 31. a4 e5 32. b5+ Kd6 33. a5 *

[Event "33rd Croatian Junior League 2024"]
[Site "Novalja"]
[Date "2024.04.02"]
[Round "2.5"]
[White "Kovac, Petar"]
[Black "Vucenovic, Damian"]
[Result "1/2-1/2"]
[ECO "E06"]
[WhiteElo "2173"]
[BlackElo "2145"]
[Annotator "RC"]
[PlyCount "105"]
[EventDate "2024.03.28"]
[EventType "team-tourn"]
[EventCountry "CRO"]
[SourceTitle "playchess.com"]
[Source "ChessBase"]
[SourceQuality "1"]
[TimeControl "5400+30"]

1. d4 d5 2. c4 e6 3. Nf3 Nf6 4. g3 Be7 5. Bg2 O-O 6. O-O c6 7. Nc3 b6 8. Ne5 Bb7 9. e4 dxc4 10. Nxc4 Ba6 11. b3 b5 12. Ne3 b4 13. Ne2 Bxe2 14. Qxe2 Qxd4 15. Bb2 Qb6 16. Rac1 Nbd7 17. Rc2 Rac8 18. Rfc1 c5 19. e5 Ne8 20. Be4 Qc7 21. f4 g6 22. Rf1 Ng7 23. g4 f6 24. exf6 Bxf6 25. Bxf6 Rxf6 26. Ng2 Nb6 27. Rd1 Rff8 28. Qe3 Qe7 29. Rdc1 Nd7 30. Re1 Qf6 31. Rd1 Rc7 32. Rcd2 Nb6 33. Rc2 c4 34. bxc4 Rxc4 35. Rxc4 Nxc4 36. Qxa7 Rd8 37. Rxd8+ Qxd8 38. Qa8 Qxa8 39. Bxa8 Ne8 40. Kf2 Nc7 41. Bc6 Kf7 42. Ne3 Nxe3 43. Kxe3 Ke7 44. Kd4 Kd6 45. Bf3 Nb5+ 46. Kc4 Nc3 47. a3 Nd5 48. axb4 Nxf4 49. b5 h5 50. gxh5 gxh5 51. b6 e5 52. Kb5 h4 53. b7 1/2-1/2

[Event "33rd Croatian Junior League 2024"]
[Site "Novalja"]
[Date "2024.04.02"]
[Round "2.6"]
[White "Dumancic, Simun"]
[Black "Konjevic, Nikola"]
[Result "1/2-1/2"]
[ECO "C92"]
[WhiteElo "2027"]
[BlackElo "2056"]
[Annotator "RC"]
[PlyCount "107"]
[EventDate "2024.03.28"]
[EventType "team-tourn"]
[EventCountry "CRO"]
[SourceTitle "playchess.com"]
[Source "ChessBase"]
[SourceQuality "1"]
[TimeControl "5400+30"]

1. e4 e5 2. Nf3 Nc6 3. Bb5 a6 4. Ba4 Nf6 5. O-O Be7 6. Re1 b5 7. Bb3 d6 8. c3 O-O 9. h3 Bb7 10. d4 Re8 11. dxe5 dxe5 12. Bxf7+ Kxf7 13. Qb3+ Nd5 14. exd5 Na5 15. Qc2 Kg8 16. Rxe5 Bf6 17. Rxe8+ Qxe8 18. Bf4 Bxd5 19. Nbd2 Qf7 20. Ne4 Bxe4 21. Qxe4 Re8 22. Qc2 Nc4 23. Bg5 Ne5 24. Nxe5 Bxe5 25. a4 Bd6 26. Be3 Qe6 27. axb5 axb5 28. Ra5 c6 29. Qb1 b4 30. cxb4 Bxb4 31. Ra7 Bd6 32. Qa1 h6 33. Ra8 Rxa8 34. Qxa8+ Kh7 35. Qa6 Qb3 36. g4 Qd1+ 37. Qf1 Qc2 38. Qc1 Qe4 39. Qd2 Be5 40. b4 Bf6 41. Bc5 Kh8 42. Qe3 Qd5 43. Qe8+ Kh7 44. Qe2 Kh8 45. Qe3 Qd1+ 46. Kh2 Qd5 47. f4 Bh4 48. Bd4 Qa2+ 49. Kh1 Qb1+ 50. Kg2 Qc2+ 51. Kf3 Qd1+ 52. Kg2 Qc2+ 53. Kf3 Qd1+ 54. Kg2 1/2-1/2